 Dungeon Crawl Stone Soup version 0.21.1-1-g345015f (webtiles) character file.

49 jamsan the Caller (level 3, -1/26 HPs)
             Began as a Barachi Summoner on June 17, 2018.
             Slain by an orc wizard
             ... wielding a +0 dagger
              (5 damage)
             ... on level 2 of the Dungeon.
             The game lasted 00:14:25 (2314 turns).

jamsan the Caller (Barachi Summoner)                Turns: 2314, Time: 00:14:27

Health: -1/26      AC:  2    Str: 10    XL:     3   Next: 77%
Magic:  3/6        EV: 13    Int: 15    God:
Gold:   84         SH:  0    Dex: 12    Spells: 1/7 levels left

rFire    . . .     SeeInvis .   l - +0 dagger
rCold    . . .     Gourm    .   (no shield)
rNeg     . . .     Faith    .   a - +0 robe
rPois    .         Spirit   .   (no helmet)
rElec    .         Reflect  .   (no cloak)
rCorr    +         Harm     .   (no gloves)
MR       .....                  (no boots)
Stlth    ++........             (no amulet)
HPRegen  0.08/turn              e - ring of resist corrosion
MPRegen  0.10/turn              (no ring)

@: slow
A: +LOS, swims, slowness 1, strong legs 1
a: Hop


You were on level 2 of the Dungeon.
You were not hungry.

You visited 1 branch of the dungeon, and saw 3 of its levels.

You collected 84 gold pieces.

Inventory:

Hand Weapons
 l - a +0 dagger (weapon)
Missiles
 d - 62 stones (quivered)
Armour
 a - a +0 robe (worn)
Jewellery
 e - a ring of resist corrosion (left hand)
Scrolls
 g - a scroll of teleportation {unknown}
 i - 2 scrolls of identify {unknown}
 j - a scroll of remove curse {unknown}
 m - a scroll of blinking {unknown}
 o - a scroll of amnesia {unknown}
Potions
 h - 2 potions of curing {unknown}
 k - a potion of agility {unknown}
Books
 b - a book of Callings

   Spells                             Type                      Level
   a - Summon Small Mammal            Summoning                    1
   b - Call Imp                       Summoning                    2
   c - Call Canine Familiar           Summoning                    3
   d - Summon Guardian Golem          Hexes/Summoning              3
   e - Summon Lightning Spire         Summoning/Air                4
   f - Summon Ice Beast               Ice/Summoning                4
Comestibles
 c - 4 rations
 n - a chunk of flesh


   Skills:
 + Level 1.2 Fighting
 + Level 2.6 Dodging
 - Level 1.7 Stealth
 - Level 2.5 Spellcasting
 * Level 5.7 Summonings


You had one spell level left.
You knew the following spells:

 Your Spells              Type           Power        Failure   Level  Hunger
a - Summon Small Mammal   Summ           ###.         1%          1    #......
b - Call Imp              Summ           ###.....     3%          2    ###....
c - Call Canine Familiar  Summ           ###.....     6%          3    ###....


Dungeon Overview and Level Annotations

Branches:
Dungeon (3/15)

Altars:
Ashenzari


Innate Abilities, Weirdness & Mutations

Shadows flee at your approach. (+LOS)
You can swim through water.
You cover ground slowly.
You can hop short distances.


Message History

Your crimson imp hits the orc.
The orc hits you. The goblin closely misses you.
You barely miss the orc.
The orc is severely wounded.
The orc wizard gestures at you while chanting.
The puff of frost hits your crimson imp.
Your crimson imp is frozen!
Your crimson imp dies!
The orc misses you. The goblin closely misses you. The orc closely misses you.
An orc comes into view. It is wielding a club.
The orc barely misses you. The orc wizard casts a spell at you.
The puff of flame hits you!
* * * LOW HITPOINT WARNING * * *
The goblin barely misses you.
You climb upwards.
There is a stone staircase leading down here.
As you read the scroll labeled XEAROE MURRISCH, it crumbles to dust.
The scroll dissolves into smoke.
It was a scroll of fog.
The orc wizard closely misses you. The orc wizard hits you with a dagger.
You die...

...## #.........###.###........
#...# #.#########...# ##.....#.
##..#####.# #...### ########
#........## ##.#...#
##.#####..# #..###.# ### #.##
##.######.## #.## #.# #..#
#....§§§§# #..# #.#####
##<#####.##.§go######.###......
##.#.....##.##@o§..##..........
#.....#####.###§§#..#####.#####
#.....#..)......§##..## #)#
#.....#.####.#.#.###..# #.#
#.....#.####.....# ##.#####
########.#....#.#.# #.#...## #
##...)....###......#
#.#.#..#### .)..#######
##...### #.#.#...... .####
##.## #.#.#....##


You could see an orc wizard, an orc and a goblin.

Vanquished Creatures
  An ooze (D:1)
  2 dart slugs
  3 leopard geckos
  2 giant cockroaches (D:2)
  2 goblins
  7 kobolds
  A quokka (D:2)
  3 bats
  A frilled lizard (D:2)
  3 rats (D:1)
25 creatures vanquished.

Vanquished Creatures (collateral kills)
  An ooze (D:1)
  A worm (D:2)
  A ball python (D:2)
  4 goblins
  3 hobgoblins
  A bat (D:2)
  A frilled lizard (D:1)
  4 kobolds
  A rat (D:2)
17 creatures vanquished.

Grand Total: 42 creatures vanquished

Notes
Turn   | Place    | Note
-------+----------+-------------------------------------------
     0 | D:1      | jamsan the Barachi Summoner began the quest for the Orb.
     0 | D:1      | Reached XP level 1. HP: 13/13 MP: 3/3
   213 | D:1      | Reached skill level 5 in Summonings
   263 | D:1      | Reached XP level 2. HP: 19/19 MP: 2/5
   271 | D:1      | Learned a level 2 spell: Call Imp
   321 | D:1      | Found a shattered altar of Ashenzari.
  1158 | D:2      | Reached XP level 3. HP: 20/25 MP: 3/6
  1395 | D:2      | Reached skill level 1 in Fighting
  2226 | D:2      | Learned a level 3 spell: Call Canine Familiar
  2314 | D:2      | Slain by an orc wizard

Skill      XL: |  1  2  3 |
---------------+----------+-----
Summonings     | 5 |  5.7
Fighting       | 1 |  1.2
Dodging        | |  2.6
Stealth        | |  1.7
Spellcasting   | |  2.5

Action                   || total
-------------------------++-------
Melee: Club              ||    42
       Unarmed           ||     2
       Dagger            ||    96
 Cast: Summon Small Mamm ||    21
       Call Imp          ||    12
 Abil: Hop               ||     2
  Use: Scroll            ||     1
 Stab: Sleeping          ||     4
  Eat: Chunk             ||     3
       Ration            ||     1
Armor: Robe              ||    42
Dodge: Dodged            ||   115
